 Dungeon Crawl Stone Soup version 0.29.1-4-g47bece8355 (webtiles) character file.

Game seed: 17687945295408854398

28 mester the Sneak (level 2, -3/11 HPs)
             Began as a Felid Enchanter on Dec 1, 2022.
             Slain by a quokka (5 damage)
             ... on level 1 of the Dungeon.
             The game lasted 00:05:28 (813 turns).

mester the Sneak (Felid Enchanter)                   Turns: 813, Time: 00:05:28

Health: -3/11      AC:  1    Str:  4    XL:     2   Next: 96%
Magic:  6/6        EV: 17    Int: 16    God:
Gold:   39         SH:  0    Dex: 16    Spells: 3/5 levels left
                                        Lives:  0   Deaths: 0

rFire   . . .      SeeInvis +     - Unarmed
rCold   . . .      Faith    .   (shield unavailable)
rNeg    . . .      Spirit   .   (body armour unavailable)
rPois   .          Reflect  .   (helmet unavailable)
rElec   .          Harm     .   (cloak unavailable)
rCorr   .          Rampage  .   (gloves unavailable)
Will    .....                   (boots unavailable)
Stlth   +++.......              (no amulet)
HPRegen 0.03/turn               (no ring)
MPRegen 0.10/turn               (no ring)

@: quick
A: very small, claws 1, fangs 3, see invisible, speed 1, shaggy fur 1, stealthy
paws, no weapons or thrown items, no armour, multi-lived
a: no special abilities


You were on level 1 of the Dungeon.
You visited 1 branch of the dungeon, and saw 1 of its levels.

You collected 39 gold pieces.

Inventory:

Scrolls
 b - 2 scrolls of identify
 c - a scroll of acquirement {unknown}
 d - a scroll of amnesia {unknown}
 e - a scroll of enchant weapon
Potions
 a - 2 potions of invisibility


   Skills:
 * Level 2.9 Dodging
 * Level 4.9 Stealth
 * Level 1.5 Unarmed Combat
 + Level 2.0 Spellcasting
 + Level 4.9 Hexes


You had 3 spell levels left.
You knew the following spells:

 Your Spells              Type           Power      Damage    Failure   Level
a - Ensorcelled Hibernat  Hex/Ice        18%        N/A       12%         2

Your spell library contained the following spells:

 Spells                   Type           Power      Damage    Failure   Level
 Confusing Touch          Hex            17%        N/A       9%          3
 Tukima's Dance           Hex            17%        N/A       9%          3
 Dazzling Flash           Conj/Hex       18%        N/A       22%         3


Dungeon Overview and Level Annotations

Branches:
Dungeon (1/15)

Altars:


Innate Abilities, Weirdness & Mutations

You have sharp claws.
You have razor-sharp teeth.
You have supernaturally acute eyesight. (SInv)
You cover ground quickly. (Speed+)
You are covered in fur. (AC +1)
Your paws help you pounce on unaware monsters.
You are incapable of wielding weapons or throwing items.
You cannot wear armour.
You gain extra lives every three experience levels.


Message History

The bat hits you.
You scratch the bat. Your claw misses the bat.
The bat is severely wounded.
The bat hits you but does no damage. x2
You barely miss the bat.
The bat is severely wounded.
The bat barely misses you. The bat misses you.
You see here a bat corpse.
You closely miss the bat.
The bat is severely wounded.
The bat misses you. The bat closely misses you.
You scratch the bat but do no damage.
The bat is severely wounded.
The bat closely misses you. The bat misses you.
You barely miss the bat. Your bite misses the bat.
The bat is severely wounded.
The bat barely misses you. The bat hits you but does no damage.
You scratch the bat but do no damage.
The bat is severely wounded.
The bat completely misses you. The bat misses you. x2
You scratch the bat.
You kill the bat!
You see here a bat corpse.
Found a stone staircase leading down.
You pounce on the unaware helpless bat!
You claw the bat!
You kill the bat!
A quokka comes into view.
You scratch the quokka but do no damage.
The quokka bites you. x2
* * * LOW HITPOINT WARNING * * *
You barely miss the quokka. You bite the quokka.
The quokka is heavily wounded.
The quokka misses you.
You scratch the quokka but do no damage.
The quokka is heavily wounded.
The quokka twitches its whiskers.
The quokka bites you.
You die...

.. .....#.# ... ....#.#
...## ....#.#.. #.#..
...#.#.# #.#.. #>...#.# #
# #.#.. #...##.#.# #.
#.#.. #.r....#.###.##†###
#.@# #............. #..#
#.#.#####..### #..#
#.#........# # ####†.#
#†#.######.###
#.....###.# ######....
#.........#.#........#
####..........##........#
#..'..........+.........#
#.##..........###+###....


You could see a quokka.

Vanquished Creatures
  2 dart slugs (D:1)
  A ball python (D:1)
  5 bats (D:1)
  An endoplasm (D:1)
  2 giant cockroaches (D:1)
  2 goblins (D:1)
  3 kobolds (D:1)
  2 quokkas (D:1)
  A frilled lizard (D:1)
  2 rats (D:1)
21 creatures vanquished.

Notes
Turn   | Place    | Note
-------+----------+-------------------------------------------
     0 | D:1      | mester the Felid Enchanter began the quest for the Orb.
     0 | D:1      | Reached XP level 1. HP: 7/7 MP: 4/4
   217 | D:1      | Reached XP level 2. HP: 8/11 MP: 6/6
   400 | D:1      | Learned a level 2 spell: Ensorcelled Hibernation
   813 | D:1      | Slain by a quokka

Illustrated notes

Levels and vault maps discovered:
D:1:      dpeg_arrival_subterranean_lakeside_camping, layout_basic,
          minmay_box_of_dots

Action                   || total
-------------------------++-------
Melee: Unarmed           ||    63
       Bite              ||     8
       Punch             ||     1
 Cast: Ensorcelled Hiber ||     3
  Use: Scroll            ||     2
 Stab: Sleeping          ||     7
Armor: Skin              ||     7
Dodge: Dodged            ||    57
